 Dungeon Crawl Stone Soup version 0.29.1-13-g9f3cf754e1 (webtiles) character file.

Game seed: 8240061640393917272

53 Heoruswealwe the Grave Robber (level 3, 0/19 HPs)
             Began as a Deep Elf Necromancer on Feb 10, 2023.
             Succumbed to an adder's poison
             ... on level 2 of the Dungeon.
             The game lasted 00:13:47 (1128 turns).

Heoruswealwe the Grave Robber (DENe)                Turns: 1128, Time: 00:13:48

Health: 0/19       AC:  2    Str:  5    XL:     3   Next: 62%
Magic:  6/9        EV:  9    Int: 21    God:
Gold:   101        SH:  5    Dex: 15    Spells: 7/8 levels left

rFire   . . .      SeeInvis .   (no weapon)
rCold   . . .      Faith    .   (no shield)
rNeg    . . .      Spirit   .   a - +0 robe
rPois   .          Reflect  +   (no helmet)
rElec   .          Harm     .   (no cloak)
rCorr   .          Rampage  .   (no gloves)
Will    .....                   (no boots)
Stlth   ++........              c - amulet of reflection
HPRegen 0.06/turn               (no ring)
MPRegen 0.11/turn               (no ring)

@: lethally poisoned (0 -> -3), hasted, constricted, very quick
A: no striking features
a: no special abilities


You were on level 2 of the Dungeon.
You visited 1 branch of the dungeon, and saw 2 of its levels.

You collected 101 gold pieces.

Inventory:

Hand Weapons
 f - a +0 whip
 g - a +0 dagger
 k - a +0 spear
 n - a +0 dagger
 p - a +0 club
Missiles
 d - 4 javelins
 i - 10 stones
 q - 5 boomerangs
Armour
 a - a +0 robe (worn)
 e - a +0 robe
 j - a +0 leather armour
 s - a +0 cloak
Jewellery
 c - an amulet of reflection (around neck)
Scrolls
 h - 2 scrolls of identify {unknown}
 m - a scroll of teleportation {unknown}
 o - a scroll of poison {unknown}
 r - a scroll of magic mapping {unknown}
Potions
 b - a potion of magic
 t - a potion of ambrosia {unknown}


   Skills:
 + Level 0.2 Fighting
 + Level 0.2 Short Blades
 + Level 2.5 Dodging
 + Level 2.5 Stealth
 * Level 3.3 Spellcasting
 + Level 0.4 Conjurations
 + Level 0.3 Hexes
 + Level 0.3 Summonings
 * Level 5.2 Necromancy
 + Level 0.5 Translocations
 + Level 0.2 Transmutations
 + Level 0.8 Fire Magic
 + Level 0.4 Ice Magic
 + Level 0.4 Air Magic
 + Level 0.2 Earth Magic
 + Level 0.2 Poison Magic
 + Level 0.2 Invocations
 + Level 0.4 Evocations


You had 7 spell levels left.
You knew the following spells:

 Your Spells              Type           Power      Damage    Failure   Level
a - Necrotise             Necr           100%       1d9       1%          1

Your spell library contained the following spells:

 Spells                   Type           Power      Damage    Failure   Level
 Vampiric Draining        Necr           25%        2d7       4%          3
 Animate Dead             Necr           25%        N/A       16%         4
 Agony                    Necr           25%        N/A       38%         5


Dungeon Overview and Level Annotations

Branches:
Dungeon (2/15)

Altars:
Dithmenos


Message History

The adder bites you.
You are poisoned.
The adder poisons you!
Casting: Necrotise (safe; 1% risk of failure)
Confirm with . or Enter, or press ? or * to list all spells.
Aiming: Necrotise (safe; 1% risk of failure)
Press: ? - help, Shift-Dir - straight line, f - adder
Aim: an adder (chance to affect: 88%)
The adder writhes in agony.
You feel sick. The adder bites you but does no damage.
Casting: Necrotise (safe; 1% risk of failure)
Confirm with . or Enter, or press ? or * to list all spells.
Aiming: Necrotise (safe; 1% risk of failure)
Press: ? - help, Shift-Dir - straight line, f/p - adder
Aim: an adder (lightly wounded, chance to affect: 88%)
The adder writhes in agony.
You feel sick. The ball python bites you. The ball python closely misses you.
The adder barely misses you. The ball python closely misses you.
The ball python grabs you. The ball python constricts you.
Casting: Necrotise (safe; 1% risk of failure)
Confirm with . or Enter, or press ? or * to list all spells.
Aiming: Necrotise (safe; 1% risk of failure)
Press: ? - help, Shift-Dir - straight line, f/p - adder
Aim: an adder (heavily wounded, chance to affect: 88%)
The adder writhes in agony!
You kill the adder!
The dead are slithering!
* * * LOW HITPOINT WARNING * * *
You feel sick. The ball python bites you.
* * * LOW HITPOINT WARNING * * *
The ball python constricts you.
You escape the ball python's grasp.
You swap places.
* * * LOW HITPOINT WARNING * * *
You feel sick.
Your adder skeleton bites the ball python.
The ball python closely misses you. The ball python grabs you.
The ball python constricts you.
* * * LOW HITPOINT WARNING * * *
It was a potion of haste.
You feel yourself speed up.
You die...

## .. ####.####
#ZS......
#@##.#### #<# #.#
#.## #..# ##.# #†#
####### #.#
#.....#
#####.######.....#


You could see a ball python (ally target) and a friendly adder skeleton.

Vanquished Creatures
  2 adders (D:2)
  A worm (D:2)
  A dart slug (D:1)
  2 ball pythons (D:1)
  3 bats (D:1)
  2 endoplasms
  A giant cockroach (D:1)
  A goblin (D:1)
  2 hobgoblins
  2 jackals (D:1)
  3 kobolds (D:1)
  2 rats
22 creatures vanquished.

Vanquished Creatures (collateral kills)
  A dart slug (D:1)
  A hobgoblin (D:2)
  A rat (D:2)
3 creatures vanquished.

Grand Total: 25 creatures vanquished

Notes
Turn   | Place    | Note
-------+----------+-------------------------------------------
     0 | D:1      | Heoruswealwe the Deep Elf Necromancer began the quest for
                  | the Orb.
     0 | D:1      | Reached XP level 1. HP: 10/10 MP: 6/6
   248 | D:1      | Reached XP level 2. HP: 15/15 MP: 6/8
   256 | D:1      | Reached skill level 5 in Necromancy
   968 | D:2      | Found a shadowy altar of Dithmenos.
   978 | D:2      | Reached XP level 3. HP: 5/19 MP: 0/9
  1128 | D:2      | Succumbed to an adder's poison

Illustrated notes

Levels and vault maps discovered:
D:1:      heliophobic_arrival_ceremonial_halls, layout_basic, minmay_nonomino_d4
D:2:      layout_loops_cross, basic_altar,
          hellmonk_ecumenical_altar_heavens_door, st_stairs_6, bh_walls_and_bars

Skill      XL: |  1  2 |
---------------+-------+-----
Necromancy     | 5 |  5.2
Fighting       | |  0.2
Short Blades   | |  0.2
Dodging        | |  2.5
Stealth        | |  2.5
Spellcasting   | |  3.3
Conjurations   | |  0.4
Hexes          | |  0.3
Summonings     | |  0.3
Translocations | |  0.5
Transmutations | |  0.2
Fire Magic     | |  0.8
Ice Magic      | |  0.4
Air Magic      | |  0.4
Earth Magic    | |  0.2
Poison Magic   | |  0.2
Invocations    | |  0.2
Evocations     | |  0.4

Action                   || total
-------------------------++-------
 Cast: Necrotise         ||    53
  Use: Potion            ||     1
Armor: Robe              ||     3
Dodge: Dodged            ||    10
